 Dungeon Crawl Stone Soup version 0.31-a0-321-g19405a7a6a (webtiles) character file.

Game seed: 3244791675337131935

128 cforsyth the Changeling (level 4, 0/35 HPs)
             Began as a Vampire Shapeshifter on July 18, 2023.
             Succumbed to an adder's poison
             ... on level 3 of the Dungeon.
             The game lasted 00:02:58 (1847 turns).

cforsyth the Changeling (Vampire Shapeshifter)      Turns: 1847, Time: 00:02:59

Health: 0/35       AC:  2    Str: 16    XL:     4   Next: 87%
Magic:  4/4        EV: 12    Int: 10    God:
Gold:   108        SH:  0    Dex: 14    Spells: 3/3 levels left

rFire   . .          .
                       - Unarmed
rCold   . . .        (no shield)
rNeg    . . .        a - +0 animal skin
rPois   .            (helmet currently unavailable)
rElec   .            (cloak currently unavailable)
rCorr   .            (gloves currently unavailable)
SInv    +            (boots currently unavailable)
Will    .....        (no amulet)
Stlth   +            (no ring)
HPRegen 0.45/turn    (no ring)
MPRegen 0.09/turn

%: no passive effects
@: mighty, brilliant, lethally poisoned (0 -> -1), beast-form, healing quickly
A: beast (slay +2), alive, fangs 3, see invisible, vampiric 2
a: Exsanguinate, Begin Untransformation


You were on level 3 of the Dungeon.
You were a hulking beast.
You visited 1 branch of the dungeon, and saw 3 of its levels.

You collected 108 gold pieces.

Inventory:

Armour
 a - a +0 animal skin (worn)
Jewellery
 i - a ring of ice
Talismans
 c - a beast talisman
Wands
 j - a wand of iceblast (3)
Scrolls
 d - a scroll of identify
 e - 2 scrolls of fog
 f - 2 scrolls of vulnerability
 h - a scroll of enchant weapon
Potions
 b - a potion of lignification
 k - a potion of might


   Skills:
 + Level 3.1 Fighting
 - Level 2.1 Dodging
 + Level 3.6 Unarmed Combat
 + Level 4.1 Shapeshifting


You had 3 spell levels left.
You didn't know any spells.
Your spell library was empty.

Dungeon Overview and Level Annotations

Branches:
Dungeon (3/15)

Altars:

Shops:
D:3 *=(


Innate Abilities, Weirdness & Mutations

You are a hulking beast.
Your limbs bulge with bestial killing power. (Slay +2)
Your natural rate of healing is accelerated.
You have razor-sharp teeth.
You have supernaturally acute eyesight. (SInv)
You are afflicted with vampirism and can become a bat while bloodless.


Message History

* * * LOW HITPOINT WARNING * * *
You feel very sick. The adder barely misses you.
It was a potion of might.
You feel very mighty all of a sudden.
* * * LOW HITPOINT WARNING * * *
You feel very sick. The adder misses you. The adder barely misses you.
It was a potion of brilliance.
You feel clever all of a sudden.
* * * LOW HITPOINT WARNING * * *
You feel sick. The adder closely misses you.
You punch the adder!
You kill the adder!
* * * LOW HITPOINT WARNING * * *
You feel sick.
Unknown command.
Okay, then.
Unknown command.
As you read the scroll labelled ZIMMUM MYAFYNG, it crumbles to dust.
It is a scroll of identify.
h - a scroll of enchant weapon
* * * LOW HITPOINT WARNING * * *
You feel sick.
As you read the scroll of identify, it crumbles to dust.
e - 2 scrolls of fog
* * * LOW HITPOINT WARNING * * *
You feel sick.
As you read the scroll of identify, it crumbles to dust.
f - 2 scrolls of vulnerability
* * * LOW HITPOINT WARNING * * *
You feel sick.
Okay, then.
Unknown command.
* * * LOW HITPOINT WARNING * * *
You feel sick.
Okay, then.
* * * LOW HITPOINT WARNING * * *
You feel sick.
You die...

#.##.#.#
#.####.##.#.###.####
#...................###
######.###†####.. .....
#.# #)# #.#.# #.# #.# #
#.#.# #.# #.#
#.###.#.##### #.# #.#
#...........# #.# #h#
#............ #.# #.#
#..##.#...... #.# #.#
#.....#.###.# #.# #.#
##.##.#.# #.# #.#
#.#####.##.#.# #.#
#.###....)...†.#.###.#
#.......#.∩.#.....##.#
#.#####...............
#.#########.......####


There were no monsters in sight!

Vanquished Creatures
  4 adders (D:3)
  A worm (D:3)
  A dart slug (D:2)
  6 orcs (D:3)
  9 ball pythons (D:2)
  9 endoplasms
  4 goblins
  8 hobgoblins
  6 jackals
  3 quokkas
  12 bats
  2 frilled lizards
  4 kobolds
  6 rats
75 creatures vanquished.

Notes
Turn   | Place    | Note
-------+----------+-------------------------------------------
     0 | D:1      | cforsyth the Vampire Shapeshifter began the quest for the
                  | Orb.
     0 | D:1      | Reached XP level 1. HP: 16/16 MP: 1/1
   375 | D:1      | Reached XP level 2. HP: 22/22 MP: 2/2
   985 | D:2      | Gained mutation: You are afflicted with vampirism and can
                  | become a bat while bloodless. [Vampire growth]
   985 | D:2      | Reached XP level 3. HP: 28/28 MP: 3/3
  1331 | D:2      | Found a faded altar of an unknown god.
  1505 | D:3      | Reached XP level 4. HP: 23/34 MP: 4/4
  1633 | D:3      | Found Foiby's Weapon Shoppe.
  1687 | D:3      | Found Tulaostre's Jewellery Boutique.
  1710 | D:3      | Reached skill level 4 in Shapeshifting
  1763 | D:3      | Found Zyvupt's General Store.
  1845 | D:3      | HP: 1/35 [poisoned by an adder]
  1847 | D:3      | Succumbed to an adder's poison

Illustrated notes

Levels and vault maps discovered:
D:1:      minmay_arrival_nine_rooms, layout_rooms, serial_co_window_serial,
          co_window_of_opportunity_a, co_window_corner_a, co_window_paths_a,
          co_window_corner_a, co_window_corner_a, co_window_of_opportunity_c,
          co_window_broadway_a, co_window_corner_cb, co_window_cross_3,
          co_window_4corner_a
D:2:      layout_rooms, shapermc_ecumenical_altar_starsandcircs,
          minmay_goblin_outpost
D:3:      layout_loops_ring, mainiacjoe_overflow_alcove_4, serial_shops,
          nicolae_shop_tiny_statue_garden, shop, nicolae_shop_stone,
          nicolae_shop_back_alley_shop, nicolae_shop_tiny_waterfront

Skill      XL: |  1  2  3  4 |
---------------+-------------+-----
Fighting       | 2 3 |  3.1
Unarmed Combat | 3 |  3.6
Shapeshifting  | 4 |  4.1
Dodging        | |  2.1

Action                     |  1- 3 |  4- 6 || total
---------------------------+-------+-------++-------
  Melee: Unarmed           |   128 |    59 ||   187
         Bite              |    10 |     6 ||    16
         Punch             |     2 |     1 ||     3
    Use: Scroll            |       |     3 ||     3
         Potion            |       |     2 ||     2
   Stab: Sleeping          |     4 |     2 ||     6
 Armour: Animal skin       |    29 |     8 ||    37
  Dodge: Dodged            |    82 |    34 ||   116

Table legend: (Time is in decaauts)
 A = Elapsed time spent in this place.
 B = Non-inter-level travel time spent in this place.
 C = Inter-level travel time spent in this place.
 D = Time resting spent in this place.
 E = Time spent auto-exploring this place.
 F = Levels seen in this place.
 G = Mean time per level.
                   A        B        C        D        E       F      G
               +--------+--------+--------+--------+--------+-----+--------+
         Total |   1838 |   1766 |     72 |      0 |   1348 |   3 |  612.7 |
       Dungeon |   1838 |   1766 |     72 |      0 |   1348 |   3 |  612.7 |
               +--------+--------+--------+--------+--------+-----+--------+

Top non-repeatable levels by time:
     D:1: 963 daAuts
     D:2: 509 daAuts
     D:3: 365 daAuts
